 Dungeon Crawl Stone Soup version 0.29.0-4-gdea44cf6ec (webtiles) character file.

Game seed: 12749146370039478591

117501 qw the Peltast (level 16, -9/101 HPs)
             Began as a Gargoyle Fighter on Sept 9, 2022.
             Was a High Priest of Okawaru.
             Mangled by an emperor scorpion (21 damage)
             ... on level 1 of the Spider Nest.
             The game lasted 00:11:01 (24824 turns).

qw the Peltast (Gargoyle Fighter)                  Turns: 24824, Time: 00:11:02

Health: -9/101     AC: 57    Str: 28    XL:     16   Next: 74%
Magic:  23/23      EV:  8    Int: 12    God:    Okawaru [*****.]
Gold:   120        SH: 21    Dex:  9    Spells: 15/15 levels left

rFire   + . .      SeeInvis .   r - +10 broad axe of the Purse {holy, rPois}
rCold   + . .      Faith    .   h - +0 tower shield
rNeg    + . .      Spirit   .   w - +10 crystal plate armour of Anicotz {Rampage rElec}
rPois   inf        Reflect  .   f - +2 helmet {Int+3}
rElec   +          Harm     .   s - scarf {repulsion}
rCorr   +          Rampage  +   b - +2 pair of gloves
Will    +....                   B - +0 pair of boots of Goumumaeck {Rampage rElec rF+}
Stlth   ..........              (no amulet)
HPRegen 0.26/turn               l - ring of resist corrosion
MPRegen 0.18/turn               x - ring of protection from cold

@: about to teleport, heroic, flying, repel missiles
A: sickness immunity, AC +12, big wings, negative energy resistance 1,
electricity resistance, torment resistance 1, petrification resistance
a: Renounce Religion, Heroism, Finesse, Duel


You were on level 1 of the Spider Nest.
You worshipped Okawaru.
Okawaru was extremely pleased with you.
You visited 5 branches of the dungeon, and saw 24 of its levels.
You visited 1 bazaar.

You collected 2111 gold pieces.
You spent 1991 gold pieces at shops.


Innate Abilities, Weirdness & Mutations

You are immune to sickness and miasma.
Your stone body is resilient. (AC +12)
You are immune to poison.
Your large and strong wings let you fly.
You resist negative energy. (rN+)
You are resistant to electric shocks. (rElec)
You are resistant to unholy torment.
You are immune to petrification.


   Skills:
 - Level 12.0(17.0) Fighting
 - Level 16.0(21.0) Axes
 - Level 3.0(8.0) Throwing
 - Level 14.1(19.1) Armour
 - Level 2.3(7.3) Dodging
 + Level 16.7(21.7) Shields
 - Level 10.0 Invocations


You had 15 spell levels left.
You didn't know any spells.
Your spell library was empty.

Inventory:

Hand Weapons
 c - a +2 morningstar of flaming
 r - the +10 broad axe of the Purse (weapon) {holy, rPois}
   (Okawaru gifted it to you on level 2 of the Lair of Beasts)

   It has been blessed by the Shining One to cause great damage to the undead
   and demons.
   rPois:     It protects you from poison.
Missiles
 y - a silver boomerang (quivered)
 C - 4 boomerangs
Armour
 b - a +2 pair of gloves (worn)
 f - a +2 helmet of intelligence (worn)
 g - a +1 pair of boots
 h - a +0 tower shield (worn)
 m - a +1 cloak
 s - a scarf of repulsion (worn)
 w - the +10 crystal plate armour of Anicotz (worn) {Rampage rElec}
   (Okawaru gifted it to you on level 5 of the Lair of Beasts)

   rElec:     It insulates you from electricity.
   Rampage:   It bestows one free step when moving towards enemies.
 B - the +0 pair of boots of Goumumaeck (worn) {Rampage rElec rF+}
   (Okawaru gifted it to you on level 1 of the Orcish Mines)

   rF:        It protects you from fire.
   rElec:     It insulates you from electricity.
   Rampage:   It bestows one free step when moving towards enemies.
 E - a +2 pair of boots of rampaging
Jewellery
 l - a ring of resist corrosion (left hand)
 t - a ring of ice
 x - a ring of protection from cold (right hand)
 z - a ring of resist corrosion
 F - an amulet of reflection
Scrolls
 a - 9 scrolls of identify
 u - 5 scrolls of teleportation
 v - 3 scrolls of enchant weapon
 D - a scroll of blinking
Potions
 d - 4 potions of might
 e - 5 potions of attraction
 i - 3 potions of resistance
 j - 13 potions of curing
 k - 4 potions of heal wounds
 n - 3 potions of haste
 o - 8 potions of cancellation
 p - 9 potions of mutation
 q - 2 potions of lignification
 A - 3 potions of magic

Dungeon Overview and Level Annotations

Branches:
Dungeon (15/15)            Temple (1/1) D:6            Lair (5/5) D:10
 Shoals (0/4) Lair:3       Spider (1/4) Lair:3        Slime (0/5) Lair:4
    Orc (2/2) D:9             Elf (0/3) Orc:2        Vaults (0/5) D:14
 Depths (0/4) D:15

Altars:
Ashenzari
Cheibriados
Dithmenos
Elyvilon
Fedhas
Gozag
Hepliaklqana
Kikubaaqudgha
Makhleb
Okawaru
Sif Muna
Trog
Wu Jian
Xom
Yredelemnul
Zin
Jiyva
Lugonu

Shops:
D:1 (   D:8 ([   D:14 (   D:15 ?   Orc:2 *([*!

Portals:
Abyss: Lair:5

Annotations:
D:7 1 runed translucent door, Crazy Yiuf
Orc:2 3 runed translucent doors, qw's ghost, adept MiBe


Message History

You barely miss the emperor scorpion. You slash the emperor scorpion!
The emperor scorpion stings you!
You block the emperor scorpion's attack. x2
The moth of wrath bites you but does no damage.
You block the emperor scorpion's attack.
The emperor scorpion barely misses you.
You block the emperor scorpion's attack.
The emperor scorpion stings you but does no damage.
The emperor scorpion claws you but does no damage. x2
You slice the moth of wrath like a ripe choko!!!
You kill the moth of wrath!
Okawaru accepts your kill.
You hit the emperor scorpion. You slash the emperor scorpion!
You block the emperor scorpion's attack.
The emperor scorpion claws you!
You block the emperor scorpion's attack.
The emperor scorpion stings you but does no damage.
The emperor scorpion claws you but does no damage.
You block the emperor scorpion's attack. x2
The emperor scorpion claws you but does no damage. x2
You feel your dexterity returning.
You slice the emperor scorpion!!
The emperor scorpion is almost dead.
You barely miss the emperor scorpion. The emperor scorpion stings you!!
You block the emperor scorpion's attack.
The emperor scorpion claws you but does no damage.
You block the emperor scorpion's attack.
The emperor scorpion claws you.
You block the emperor scorpion's attack. x2
The emperor scorpion claws you but does no damage.
You block the emperor scorpion's attack.
24824 ||| READING 6 scrolls of teleportation.
As you read the scroll of teleportation, it crumbles to dust.
You feel strangely unstable.
You block the emperor scorpion's attack. x4
The emperor scorpion barely misses you.
The emperor scorpion claws you but does no damage.
The emperor scorpion stings you!!
You die...

#...8.#
###.....##
#8.......8
#...8.8^.
#........
#.....#
###...%s###
#.....s@.8#
#...8.8...#
#........8#
###.....###
###..(..###
#8.....%..#
...:#
#...8.8...#
#.....
#8.......8#
. #.....
###.....###
..#....#


You could see 2 emperor scorpions.

Vanquished Creatures
  Rupert (Orc:2)
  Frances (D:14)
  An emperor scorpion (Spider:1)
  Louise (D:14)
  A ghost moth (Spider:1)
  An orc warlord (Orc:1)
  A very ugly thing (D:15)
  2 entropy weavers (Spider:1)
  Josephine (D:13)
  6 hydras
  5 vault guards (D:14)
  3 boulder beetles
  2 rakshasas (D:15)
  2 ogre magi (Orc:2)
  A radroach (Spider:1)
  7 centaur warriors
  12 two-headed ogres
  5 death yaks (Lair:2)
  An orc high priest (Orc:1)
  A death knight (D:15)
  3 tengu warriors
  4 thrashing horrors (Lair:5)
  Sonja (D:11)
  Urug (D:10)
  2 deep trolls (Orc:2)
  A steelbarb worm (Spider:1)
  4 skeletal warriors (D:15)
  A glowing orange brain (D:15)
  A phantasmal warrior (D:15)
  2 deep elf pyromancers
  A lindwurm (Lair:2)
  A wizard (D:14)
  6 wolf spiders (Spider:1)
  3 orc sorcerers (Orc:1)
  An oklob plant (Lair:2)
  9 cyclopes
  21 ugly things
  A moth of wrath (Spider:1)
  A manticore (D:15)
  3 black mambas (Lair:5)
  Maurice (D:10)
  An ice statue (D:14)
  11 elephants
  A torpor snail (Lair:2)
  6 cane toads
  3 smoke demons (Lair:5)
  A cane toad (shapeshifter) (D:15)
  3 gargoyles
  4 kobold demonologists (D:14)
  2 freezing wraiths (D:14)
  2 rime drakes
  2 demonic crawlers (Spider:1)
  6 komodo dragons
  2 yaktaurs (D:14)
  2 ancient zymes (Lair:5)
  2 tengu conjurers
  2 polar bears
  13 trolls
  A tarantella (shapeshifter) (D:14)
  9 tarantellas (Spider:1)
  A hornet (D:11)
  16 slime creatures
  36 blink frogs
  5 dream sheep (Lair:2)
  A snapping turtle (Lair:3)
  5 jumping spiders
  4 culicivoras (Spider:1)
  5 shadows
  A spriggan (Lair:2)
  A ynoxinul (Lair:5)
  A vampire (D:10)
  18 yaks
  8 wraiths
  3 basilisks
  13 redbacks
  9 vampire mosquitoes
  4 wyverns
  3 steam dragons
  Grum (D:10)
  2 chaos spawn (Lair:5)
  2 wargs (Orc:1)
  A swamp worm (shapeshifter) (D:15)
  10 water moccasins
  9 small abominations (Lair:5)
  A black bear (D:5)
  22 orc warriors
  2 ice beasts
  4 sky beasts
  28 ogres
  8 centaurs
  3 wolves (D:10)
  4 phantoms
  6 kobold brigands
  12 bullfrogs
  5 scorpions
  A necrophage (D:6)
  6 gnoll sergeants (D:9)
  6 wights
  3 killer bees (D:9)
  An electric eel (Lair:1)
  4 hounds
  11 orc priests
  2 gnoll boudas
  6 iguanas
  12 orc wizards
  Natasha (twice) (D:2)
  5 hell rats
  A mummy (D:8)
  18 gnolls
  11 adders
  2 ufetubi (D:5)
  A worm (D:3)
  2 dart slugs
  55 orcs
  5 ball pythons
  9 bats
  9 endoplasms
  3 giant cockroaches
  31 goblins
  22 hobgoblins
  7 jackals
  24 kobolds
  2 quokkas (D:1)
  A frilled lizard (D:3)
  2 hobgoblin zombies (D:8)
  2 kobold zombies (D:8)
  6 rats
722 creatures vanquished.

Vanquished Creatures (others)
  An ogre mage (D:14)
  13 fungi
  36 plants
  4 toadstools (D:1)
54 creatures vanquished.

Grand Total: 776 creatures vanquished

Notes
Turn   | Place    | Note
-------+----------+-------------------------------------------
     0 | D:1      | qw the Gargoyle Fighter began the quest for the Orb.
     0 | D:1      | Reached XP level 1. HP: 14/14 MP: 1/1
     0 | D:1      | 0 ||| qw: Version: 0.1-a-113-g051387a
     0 | D:1      | 0 ||| qw: Game counter: 7304
     0 | D:1      | 0 ||| qw: Always use a shield: true
     0 | D:1      | 0 ||| qw: God list: Okawaru
     0 | D:1      | 0 ||| qw: Allow faded altars: false
     0 | D:1      | 0 ||| qw: Do Orc after D:15 true
     0 | D:1      | 0 ||| qw: Do second Lair branch before Depths: true
     0 | D:1      | 0 ||| qw: Lair rune preference: random
     0 | D:1      | 0 ||| qw: Plans: Normal, Zot, God:TSO, Crypt, Tomb, Zig,
                  | Orb
     0 | D:1      | 0 ||| PLANNING D:1-11
   137 | D:1      | 137 ||| Stepping ~*~*~tactically~*~*~ (stealth).
   140 | D:1      | 140 ||| Stepping ~*~*~tactically~*~*~ (stealth).
   142 | D:1      | Reached XP level 2. HP: 19/19 MP: 2/2
   144 | D:1      | 144 ||| Stepping ~*~*~tactically~*~*~ (stealth).
   326 | D:1      | Reached skill level 3 in Axes
   372 | D:1      | Reached XP level 3. HP: 23/23 MP: 3/3
   616 | D:1      | Found Zawad's Antique Weapon Shop.
   625 | D:1      | 625 ||| SHOPLISTING fine mace (256 gold, have 31).
   625 | D:1      | 625 ||| SHOPLISTING glowing broad axe (224 gold, have 31).
   625 | D:1      | 625 ||| SHOPLISTING mace (96 gold, have 31).
   915 | D:1      | 915 ||| READING 2 scrolls labelled VECEUWN XINOLL.
   916 | D:1      | 916 ||| READING scroll labelled QACLEI SUES.
   917 | D:1      | 917 ||| READING scroll labelled BEUMIL ACZI.
   918 | D:1      | 918 ||| READING scroll labelled EMNIRPH MUYB.
   919 | D:1      | 919 ||| READING 2 scrolls labelled LEFAITT VAWAU.
  1020 | D:1      | 1020 ||| READING scroll labelled POPI KEXOTSUSS.
  1021 | D:1      | 1021 ||| READING scroll labelled MAVOUSE TARCHEI.
  1025 | D:1      | 1025 ||| DROPPING scroll of silence.
  1099 | D:2      | Noticed Natasha
  1101 | D:2      | Killed Natasha
  1133 | D:2      | Reached XP level 4. HP: 28/28 MP: 4/4
  1383 | D:2      | 1383 ||| DROPPING +0 club.
  1517 | D:2      | Noticed Natasha
  1518 | D:2      | 1518 ||| Stepping ~*~*~tactically~*~*~ (hiding).
  1521 | D:2      | Killed Natasha
  1590 | D:2      | Found a faded altar of an unknown god.
  1594 | D:2      | 1594 ||| UPGRADING to +0 pair of boots.
  1599 | D:2      | 1599 ||| READING scroll labelled NOMU PUFAINONK.
  1738 | D:3      | 1738 ||| Stepping ~*~*~tactically~*~*~ (stealth).
  1739 | D:3      | 1739 ||| Stepping ~*~*~tactically~*~*~ (stealth).
  1791 | D:3      | 1791 ||| Stepping ~*~*~tactically~*~*~ (stealth).
  1906 | D:3      | 1906 ||| Stepping ~*~*~tactically~*~*~ (stealth).
  1954 | D:3      | 1954 ||| Stepping ~*~*~tactically~*~*~ (hiding).
  1955 | D:3      | 1955 ||| Stepping ~*~*~tactically~*~*~ (hiding).
  2203 | D:3      | 2203 ||| Stepping ~*~*~tactically~*~*~ (stealth).
  2215 | D:3      | Reached XP level 5. HP: 32/32 MP: 5/5
  2563 | D:3      | 2563 ||| UPGRADING to +1 cloak.
  2568 | D:3      | 2568 ||| READING scroll labelled VYEGGE PEOPEX.
  2619 | D:3      | 2619 ||| DRINKING 2 silvery potions.
  2620 | D:3      | 2620 ||| DRINKING 2 bubbling yellow potions.
  2621 | D:3      | 2621 ||| READING 3 scrolls of identify.
  2621 | D:3      | 2621 ||| IDENTIFYING bubbling ruby potion
  2622 | D:3      | 2622 ||| READING 2 scrolls of identify.
  2622 | D:3      | 2622 ||| IDENTIFYING viscous pink potion
  2623 | D:3      | 2623 ||| DROPPING potion of degeneration.
  2624 | D:3      | 2624 ||| DROPPING potion of brilliance.
  2625 | D:3      | 2625 ||| DROPPING potion of ambrosia.
  2671 | D:4      | Found a blossoming altar of Fedhas.
  2756 | D:4      | 2756 ||| Stepping ~*~*~tactically~*~*~ (stealth).
  2758 | D:4      | 2758 ||| Stepping ~*~*~tactically~*~*~ (stealth).
  2759 | D:4      | 2759 ||| Stepping ~*~*~tactically~*~*~ (stealth).
  2765 | D:4      | 2765 ||| Stepping ~*~*~tactically~*~*~ (hiding).
  2772 | D:4      | 2772 ||| Stepping ~*~*~tactically~*~*~ (hiding).
  2860 | D:4      | 2860 ||| DROPPING +0 whip.
  2874 | D:4      | 2874 ||| Stepping ~*~*~tactically~*~*~ (hiding).
  2876 | D:4      | 2876 ||| Stepping ~*~*~tactically~*~*~ (hiding).
  2877 | D:4      | 2877 ||| Stepping ~*~*~tactically~*~*~ (hiding).
  2937 | D:4      | Noticed a phantom
  2945 | D:4      | Killed a phantom
  2946 | D:4      | Reached XP level 6. HP: 39/39 MP: 6/6
  3127 | D:4      | 3127 ||| Stepping ~*~*~tactically~*~*~ (stealth).
  3156 | D:4      | Reached skill level 1 in Dodging
  3177 | D:4      | 3177 ||| Stepping ~*~*~tactically~*~*~ (hiding).
  3197 | D:4      | Found the +8 whip "Snakebite" {venom, curare, rPois}
  3203 | D:4      | 3203 ||| Stepping ~*~*~tactically~*~*~ (hiding).
  3205 | D:4      | 3205 ||| Stepping ~*~*~tactically~*~*~ (hiding).
  3237 | D:4      | 3237 ||| FLEEEEING.
  3243 | D:4      | 3243 ||| FLEEEEING.
  3244 | D:4      | 3244 ||| FLEEEEING.
  3245 | D:4      | 3245 ||| FLEEEEING.
  3246 | D:4      | 3246 ||| FLEEEEING.
  3247 | D:4      | 3247 ||| FLEEEEING.
  3248 | D:4      | 3248 ||| FLEEEEING.
  3249 | D:4      | 3249 ||| FLEEEEING.
  3250 | D:4      | 3250 ||| FLEEEEING.
  3251 | D:4      | 3251 ||| FLEEEEING.
  3252 | D:4      | 3252 ||| FLEEEEING.
  3253 | D:4      | 3253 ||| FLEEEEING.
  3254 | D:4      | 3254 ||| FLEEEEING.
  3257 | D:4      | 3257 ||| FLEEEEING.
  3258 | D:4      | 3258 ||| FLEEEEING.
  3259 | D:4      | 3259 ||| FLEEEEING.
  3260 | D:4      | 3260 ||| FLEEEEING.
  3261 | D:4      | 3261 ||| FLEEEEING.
  3262 | D:4      | 3262 ||| FLEEEEING.
  3263 | D:4      | 3263 ||| FLEEEEING.
  3264 | D:4      | 3264 ||| FLEEEEING.
  3393 | D:4      | 3393 ||| Stepping ~*~*~tactically~*~*~ (hiding).
  3840 | D:4      | Reached XP level 7. HP: 44/44 MP: 7/7
  3862 | D:4      | Reached skill level 6 in Axes
  4084 | D:4      | 4084 ||| UPGRADING to +0 tower shield.
  4094 | D:4      | 4094 ||| DROPPING +0 buckler.
  4095 | D:4      | 4095 ||| READING scroll labelled MADEAR HURRYTT.
  4096 | D:4      | 4096 ||| DRINKING 2 cyan potions.
  4097 | D:4      | 4097 ||| READING 3 scrolls of identify.
  4097 | D:4      | 4097 ||| IDENTIFYING coppery potion
  4098 | D:4      | 4098 ||| READING 2 scrolls of identify.
  4098 | D:4      | 4098 ||| IDENTIFYING bubbling golden potion
  4111 | D:5      | Entered Level 5 of the Dungeon
  4115 | D:5      | 4115 ||| STAIRDANCE
  4522 | D:5      | 4522 ||| READING 2 scrolls of teleportation.
  4640 | D:5      | 4640 ||| READING scroll of enchant armour.
  4640 | D:5      | 4640 ||| ENCHANTING +0 pair of boots.
  4721 | D:5      | Reached skill level 6 in Shields
  4739 | D:5      | 4739 ||| DROPPING +0 flail.
  4757 | D:5      | Reached XP level 8. HP: 48/48 MP: 8/8
  5037 | D:5      | 5037 ||| READING 3 scrolls of identify.
  5037 | D:5      | 5037 ||| IDENTIFYING red potion
  5038 | D:5      | 5038 ||| READING 2 scrolls of teleportation.
  5159 | D:5      | 5159 ||| READING scroll of teleportation.
  5217 | D:5      | 5217 ||| Stepping ~*~*~tactically~*~*~ (stealth).
  5218 | D:5      | 5218 ||| Stepping ~*~*~tactically~*~*~ (stealth).
  5224 | D:5      | 5224 ||| Stepping randomly (stuck).
  5225 | D:5      | 5225 ||| Stepping randomly (stuck).
  5226 | D:5      | 5226 ||| Stepping randomly (stuck).
  5227 | D:5      | 5227 ||| Stepping randomly (stuck).
  5228 | D:5      | 5228 ||| Stepping randomly (stuck).
  5232 | D:5      | 5232 ||| Stepping randomly (stuck).
  5233 | D:5      | 5233 ||| Stepping randomly (stuck).
  5234 | D:5      | 5234 ||| Stepping randomly (stuck).
  5235 | D:5      | 5235 ||| Stepping randomly (stuck).
  5236 | D:5      | 5236 ||| Stepping randomly (stuck).
  5261 | D:5      | 5261 ||| Stepping randomly (stuck).
  5262 | D:5      | 5262 ||| Stepping randomly (stuck).
  5263 | D:5      | 5263 ||| Stepping randomly (stuck).
  5264 | D:5      | 5264 ||| Stepping randomly (stuck).
  5265 | D:5      | 5265 ||| Stepping randomly (stuck).
  5266 | D:5      | 5266 ||| Stepping randomly (stuck).
  5267 | D:5      | 5267 ||| Stepping randomly (stuck).
  5268 | D:5      | 5268 ||| Stepping randomly (stuck).
  5665 | D:6      | Found a staircase to the Ecumenical Temple.
  5666 | D:6      | 5666 ||| PLANNING TEMPLE
  5674 | D:6      | 5674 ||| Stepping ~*~*~tactically~*~*~ (water).
  5678 | D:6      | Reached skill level 9 in Shields
  5679 | Temple   | Entered the Ecumenical Temple
  5728 | Temple   | Became a worshipper of Warmaster Okawaru
  5730 | Temple   | 5730 ||| PLANNING D:1-11
  5813 | D:6      | Reached XP level 9. HP: 50/52 MP: 9/9
  5990 | D:7      | 5990 ||| Stepping ~*~*~tactically~*~*~ (stealth).
  6019 | D:7      | 6019 ||| DRINKING 2 potions of curing.
  6019 | D:7      | 6019 ||| (to cure confusion)
  6320 | D:7      | Noticed a cyclops
  6329 | D:7      | Killed a cyclops
  6329 | D:7      | Reached * piety under Okawaru
  6330 | D:7      | Reached skill level 6 in Fighting
  6330 | D:7      | 6330 ||| INVOKING Heroism.
  6340 | D:7      | 6340 ||| INVOKING Heroism.
  6348 | D:7      | Reached skill level 1 in Invocations
  6351 | D:7      | 6351 ||| INVOKING Heroism.
  6730 | D:7      | 6730 ||| INVOKING Heroism.
  6835 | D:7      | Found a runed translucent door.
  6836 | D:7      | Noticed Crazy Yiuf
  7156 | D:7      | 7156 ||| UPGRADING to +0 helmet of intelligence.
  7161 | D:7      | 7161 ||| UPGRADING to +0 chain mail.
  7171 | D:7      | 7171 ||| DROPPING +0 scale mail.
  7172 | D:7      | 7172 ||| READING scroll labelled ICEOSE ZYUH.
  7173 | D:7      | 7173 ||| READING scroll labelled NIPUJIOZUR.
  7245 | D:8      | Found Diegad's Weapon Boutique.
  7264 | D:8      | Found Cheibriados's Comfort Zone.
  7268 | D:8      | Found a snail-covered altar of Cheibriados.
  7275 | D:8      | 7275 ||| SHOPLISTING +3 crystal plate armour of
                  | ponderousness (936 gold, have 399).
  7278 | D:8      | 7278 ||| Stepping ~*~*~tactically~*~*~ (stealth).
  7280 | D:8      | 7280 ||| READING scroll of enchant weapon.
  7280 | D:8      | 7280 ||| ENCHANTING +0 spectral war axe.
  7284 | D:8      | 7284 ||| Stepping ~*~*~tactically~*~*~ (stealth).
  7285 | D:8      | 7285 ||| Stepping ~*~*~tactically~*~*~ (stealth).
  7286 | D:8      | 7286 ||| INVOKING Heroism.
  7420 | D:8      | 7420 ||| Stepping ~*~*~tactically~*~*~ (hiding).
  7421 | D:8      | 7421 ||| Stepping ~*~*~tactically~*~*~ (hiding).
  7549 | D:8      | 7549 ||| Stepping ~*~*~tactically~*~*~ (stealth).
  7553 | D:8      | 7553 ||| INVOKING Heroism.
  7568 | D:8      | Reached skill level 3 in Invocations
  7601 | D:8      | 7601 ||| DROPPING +1 flail of protection.
  7774 | D:8      | 7774 ||| Stepping ~*~*~tactically~*~*~ (stealth).
  7817 | D:8      | Reached XP level 10. HP: 58/61 MP: 11/13
  7946 | D:8      | 7946 ||| Stepping ~*~*~tactically~*~*~ (stealth).
  8045 | D:8      | 8045 ||| UPGRADING to +0 plate armour.
  8055 | D:8      | 8055 ||| DROPPING +0 chain mail.
  8094 | D:9      | 8094 ||| Stepping ~*~*~tactically~*~*~ (stealth).
  8095 | D:9      | 8095 ||| Stepping ~*~*~tactically~*~*~ (stealth).
  8169 | D:9      | 8169 ||| READING scroll of enchant weapon.
  8169 | D:9      | 8169 ||| ENCHANTING +1 spectral war axe.
  8228 | D:9      | 8228 ||| DROPPING +0 morningstar.
  8229 | D:9      | Noticed a two-headed ogre
  8230 | D:9      | 8230 ||| Stepping ~*~*~tactically~*~*~ (stealth).
  8231 | D:9      | 8231 ||| Stepping ~*~*~tactically~*~*~ (stealth).
  8232 | D:9      | 8232 ||| Stepping ~*~*~tactically~*~*~ (stealth).
  8233 | D:9      | 8233 ||| INVOKING Heroism.
  8237 | D:9      | Killed a two-headed ogre
  8237 | D:9      | Reached ** piety under Okawaru
  8438 | D:9      | Found a flagged portal.
  8485 | D:9      | 8485 ||| Stepping ~*~*~tactically~*~*~ (hiding).
  8486 | D:9      | 8486 ||| Stepping ~*~*~tactically~*~*~ (hiding).
  8487 | D:9      | 8487 ||| Stepping ~*~*~tactically~*~*~ (hiding).
  8488 | D:9      | 8488 ||| Stepping ~*~*~tactically~*~*~ (hiding).
  8489 | D:9      | 8489 ||| INVOKING Heroism.
  8495 | D:9      | 8495 ||| Stepping ~*~*~tactically~*~*~ (cloud).
  8513 | D:9      | 8513 ||| FLEEEEING.
  8514 | D:9      | 8514 ||| FLEEEEING.
  8515 | D:9      | 8515 ||| FLEEEEING.
  8516 | D:9      | 8516 ||| FLEEEEING.
  8517 | D:9      | 8517 ||| FLEEEEING.
  8518 | D:9      | 8518 ||| FLEEEEING.
  8519 | D:9      | 8519 ||| FLEEEEING.
  8520 | D:9      | 8520 ||| FLEEEEING.
  8521 | D:9      | 8521 ||| FLEEEEING.
  8522 | D:9      | 8522 ||| FLEEEEING.
  8523 | D:9      | 8523 ||| FLEEEEING.
  8524 | D:9      | 8524 ||| FLEEEEING.
  8525 | D:9      | 8525 ||| FLEEEEING.
  8526 | D:9      | 8526 ||| FLEEEEING.
  8527 | D:9      | 8527 ||| FLEEEEING.
  8528 | D:9      | 8528 ||| FLEEEEING.
  8529 | D:9      | 8529 ||| FLEEEEING.
  8530 | D:9      | 8530 ||| FLEEEEING.
  8531 | D:9      | 8531 ||| FLEEEEING.
  8532 | D:9      | 8532 ||| INVOKING Heroism.
  8600 | D:9      | 8600 ||| INVOKING Heroism.
  8627 | D:9      | 8627 ||| Stepping ~*~*~tactically~*~*~ (stealth).
  8637 | D:9      | Reached *** piety under Okawaru
  8858 | D:9      | Found a staircase to the Orcish Mines.
  8859 | D:9      | 8859 ||| INVOKING Heroism.
  8865 | D:9      | Reached skill level 9 in Axes
  8872 | D:9      | Reached skill level 6 in Armour
  8879 | D:9      | HP: 13/61 [gnoll sergeant/+1 trident of flaming (10)]
  8880 | D:9      | 8880 ||| READING scroll of teleportation.
  8881 | D:9      | 8881 ||| DRINKING 4 potions of heal wounds.
  8882 | D:9      | 8882 ||| INVOKING Heroism.
  9107 | D:9      | 9107 ||| INVOKING Heroism.
  9127 | D:9      | Found a white marble altar of Elyvilon.
  9151 | D:9      | Reached **** piety under Okawaru
  9212 | D:9      | Found a bloodstained altar of Trog.
  9327 | D:9      | 9327 ||| Stepping ~*~*~tactically~*~*~ (stealth).
  9339 | D:9      | 9339 ||| Stepping ~*~*~tactically~*~*~ (stealth).
  9341 | D:9      | 9341 ||| Stepping ~*~*~tactically~*~*~ (stealth).
  9350 | D:9      | 9350 ||| Stepping ~*~*~tactically~*~*~ (hiding).
  9355 | D:9      | 9355 ||| INVOKING Heroism.
  9358 | D:9      | Reached XP level 11. HP: 40/66 MP: 11/14
  9363 | D:9      | 9363 ||| Stepping ~*~*~tactically~*~*~ (stealth).
  9435 | D:9      | 9435 ||| FLEEEEING.
  9436 | D:9      | 9436 ||| FLEEEEING.
  9437 | D:9      | 9437 ||| FLEEEEING.
  9438 | D:9      | 9438 ||| FLEEEEING.
  9439 | D:9      | 9439 ||| FLEEEEING.
  9440 | D:9      | 9440 ||| FLEEEEING.
  9441 | D:9      | 9441 ||| FLEEEEING.
  9446 | D:9      | 9446 ||| FLEEEEING.
  9447 | D:9      | 9447 ||| FLEEEEING.
  9448 | D:9      | 9448 ||| FLEEEEING.
  9532 | D:9      | 9532 ||| READING 3 scrolls of identify.
  9532 | D:9      | 9532 ||| IDENTIFYING green potion
  9533 | D:9      | 9533 ||| READING 2 scrolls of identify.
  9533 | D:9      | 9533 ||| IDENTIFYING bubbling cyan potion
  9566 | D:10     | Entered Level 10 of the Dungeon
  9599 | D:10     | Reached skill level 1 in Throwing
  9623 | D:10     | 9623 ||| INVOKING Heroism.
  9623 | D:10     | Noticed Maurice
  9635 | D:10     | Killed Maurice
  9636 | D:10     | Reached skill level 12 in Shields
  9686 | D:10     | Noticed a green ugly thing
  9693 | D:10     | Killed a green ugly thing
  9709 | D:10     | Found a glowing silver altar of Zin.
 10053 | D:10     | Noticed Urug
 10054 | D:10     | 10054 ||| INVOKING Heroism.
 10067 | D:10     | HP: 16/66 [Urug/+3 vorpal battleaxe (11)]
 10068 | D:10     | 10068 ||| DRINKING 3 potions of heal wounds.
 10069 | D:10     | Killed Urug
 10084 | D:10     | 10084 ||| FLEEEEING.
 10220 | D:10     | Found a staircase to the Lair.
 10245 | D:10     | 10245 ||| Stepping ~*~*~tactically~*~*~ (stealth).
 10250 | D:10     | 10250 ||| Stepping ~*~*~tactically~*~*~ (hiding).
 10252 | D:10     | 10252 ||| INVOKING Heroism.
 10256 | D:10     | Reached skill level 6 in Invocations
 10278 | D:10     | Noticed Grum
 10279 | D:10     | 10279 ||| INVOKING Heroism.
 10291 | D:10     | Killed Grum
 10543 | D:10     | 10543 ||| INVOKING Heroism.
 10646 | D:10     | 10646 ||| PLANNING LAIR
 10646 | D:10     | 10646 ||| UPGRADING to scarf of repulsion.
 10656 | D:10     | 10656 ||| DROPPING +6 ring of intelligence.
 10657 | D:10     | 10657 ||| READING scroll labelled WAORAN FAMUI.
 10730 | Lair:1   | Entered Level 1 of the Lair of Beasts
 10731 | Lair:1   | 10731 ||| INVOKING Heroism.
 10764 | Lair:1   | 10764 ||| Stepping ~*~*~tactically~*~*~ (stealth).
 10870 | Lair:1   | 10870 ||| INVOKING Heroism.
 11037 | Lair:1   | 11037 ||| INVOKING Heroism.
 11042 | Lair:1   | Reached ***** piety under Okawaru
 11119 | Lair:1   | 11119 ||| INVOKING Heroism.
 11196 | Lair:1   | 11196 ||| INVOKING Heroism.
 11203 | Lair:1   | 11203 ||| Stepping ~*~*~tactically~*~*~ (water).
 11513 | Lair:2   | 11513 ||| Stepping ~*~*~tactically~*~*~ (stealth).
 11515 | Lair:2   | Noticed a five-headed hydra
 11516 | Lair:2   | 11516 ||| STAIRDANCE
 11521 | Lair:2   | 11521 ||| STAIRDANCE
 11530 | Lair:2   | 11530 ||| STAIRDANCE
 11532 | Lair:1   | 11532 ||| INVOKING Heroism.
 11533 | Lair:1   | 11533 ||| SWAPPING to +4 morningstar.
 11534 | Lair:1   | 11534 ||| INVOKING Finesse.
 11536 | Lair:1   | HP: 11/67 [five-headed hydra (8)]
 11537 | Lair:1   | 11537 ||| READING scroll of teleportation.
 11538 | Lair:1   | 11538 ||| DRINKING 2 potions of heal wounds.
 11543 | Lair:1   | 11543 ||| SWAPPING to +2 spectral war axe.
 11586 | Lair:1   | 11586 ||| INVOKING Heroism.
 11817 | Lair:2   | 11817 ||| INVOKING Heroism.
 11821 | Lair:2   | 11821 ||| Stepping ~*~*~tactically~*~*~ (hiding).
 11855 | Lair:2   | 11855 ||| Stepping ~*~*~tactically~*~*~ (stealth).
 11857 | Lair:2   | 11857 ||| Stepping ~*~*~tactically~*~*~ (stealth).
 11862 | Lair:2   | Received a gift from Okawaru
 11867 | Lair:2   | Reached XP level 12. HP: 68/72 MP: 18/18
 11868 | Lair:2   | 11868 ||| INVOKING Heroism.
 11980 | Lair:2   | 11980 ||| INVOKING Heroism.
 11986 | Lair:2   | Reached skill level 9 in Invocations
 12066 | Lair:2   | 12066 ||| INVOKING Heroism.
 12152 | Lair:2   | Noticed a death yak
 12153 | Lair:2   | 12153 ||| INVOKING Heroism.
 12153 | Lair:2   | Noticed a death yak
 12153 | Lair:2   | Noticed a death yak
 12154 | Lair:2   | 12154 ||| INVOKING Finesse.
 12156 | Lair:2   | Noticed a death yak
 12158 | Lair:2   | Noticed a death yak
 12161 | Lair:2   | Killed a death yak
 12168 | Lair:2   | Killed a death yak
 12172 | Lair:2   | Killed a death yak
 12173 | Lair:2   | Killed a death yak
 12178 | Lair:2   | Killed a death yak
 12218 | Lair:2   | Identified the +10 broad axe of the Purse {holy, rPois}
                  | (Okawaru gifted it to you on level 2 of the Lair of Beasts)
 12218 | Lair:2   | Received a gift from Okawaru
 12277 | Lair:2   | 12277 ||| SWAPPING to +10 broad axe of the Purse {holy,
                  | rPois}.
 12278 | Lair:2   | 12278 ||| DROPPING +2 spectral war axe.
 12364 | Lair:2   | 12364 ||| Stepping ~*~*~tactically~*~*~ (hiding).
 12365 | Lair:2   | 12365 ||| Stepping ~*~*~tactically~*~*~ (hiding).
 12366 | Lair:2   | 12366 ||| Stepping ~*~*~tactically~*~*~ (hiding).
 12367 | Lair:2   | 12367 ||| INVOKING Heroism.
 12374 | Lair:2   | Reached skill level 3 in Throwing
 12501 | Lair:2   | 12501 ||| INVOKING Heroism.
 12502 | Lair:2   | 12502 ||| INVOKING Finesse.
 12855 | Lair:2   | 12855 ||| Stepping ~*~*~tactically~*~*~ (stealth).
 12856 | Lair:2   | 12856 ||| Stepping ~*~*~tactically~*~*~ (stealth).
 12859 | Lair:2   | 12859 ||| Stepping ~*~*~tactically~*~*~ (stealth).
 13358 | Lair:3   | Noticed a boulder beetle
 13359 | Lair:3   | 13359 ||| INVOKING Heroism.
 13365 | Lair:3   | 13365 ||| INVOKING Finesse.
 13384 | Lair:3   | Killed a boulder beetle
 13524 | Lair:3   | 13524 ||| INVOKING Heroism.
 13792 | Lair:3   | Found a staircase to the Shoals.
 13798 | Lair:3   | 13798 ||| INVOKING Heroism.
 14048 | Lair:3   | 14048 ||| Stepping ~*~*~tactically~*~*~ (stealth).
 14107 | Lair:3   | Found a hole to the Spider Nest.
 14244 | Lair:3   | 14244 ||| READING scroll labelled BUCOETZ IJINE.
 14245 | Lair:3   | 14245 ||| READING 3 scrolls labelled BIBEUD RUSKITI.
 14246 | Lair:3   | 14246 ||| DROPPING 2 scrolls of poison.
 14336 | Lair:4   | Noticed an eight-headed hydra
 14337 | Lair:4   | 14337 ||| INVOKING Heroism.
 14339 | Lair:4   | 14339 ||| SWAPPING to +4 morningstar.
 14344 | Lair:4   | 14344 ||| Stepping ~*~*~tactically~*~*~ (outnumbered).
 14348 | Lair:4   | Killed an eight-headed hydra
 14349 | Lair:4   | Reached XP level 13. HP: 61/79 MP: 18/20
 14349 | Lair:4   | 14349 ||| SWAPPING to +10 broad axe of the Purse {holy,
                  | rPois}.
 14433 | Lair:4   | 14433 ||| Stepping ~*~*~tactically~*~*~ (stealth).
 14521 | Lair:4   | 14521 ||| INVOKING Heroism.
 14817 | Lair:4   | 14817 ||| READING scroll of enchant armour.
 14817 | Lair:4   | 14817 ||| ENCHANTING +0 helmet of intelligence.
 15042 | Lair:4   | Found a viscous altar of Jiyva.
 15043 | Lair:4   | Found a staircase to the Slime Pits.
 15119 | Lair:4   | 15119 ||| INVOKING Heroism.
 15126 | Lair:4   | Reached skill level 9 in Fighting
 15247 | Lair:4   | 15247 ||| READING scroll labelled UGEBBA EFEBU.
 15265 | Lair:5   | Entered Level 5 of the Lair of Beasts
 15351 | Lair:5   | 15351 ||| INVOKING Heroism.
 15373 | Lair:5   | 15373 ||| INVOKING Finesse.
 15379 | Lair:5   | 15379 ||| SWAPPING to +4 morningstar.
 15388 | Lair:5   | 15388 ||| SWAPPING to +10 broad axe of the Purse {holy,
                  | rPois}.
 15418 | Lair:5   | 15418 ||| Stepping ~*~*~tactically~*~*~ (stealth).
 15420 | Lair:5   | 15420 ||| Stepping ~*~*~tactically~*~*~ (stealth).
 15421 | Lair:5   | 15421 ||| INVOKING Heroism.
 15431 | Lair:5   | 15431 ||| Stepping ~*~*~tactically~*~*~ (stealth).
 15509 | Lair:5   | 15509 ||| INVOKING Heroism.
 15510 | Lair:5   | 15510 ||| Stepping ~*~*~tactically~*~*~ (stealth).
 15511 | Lair:5   | 15511 ||| Stepping ~*~*~tactically~*~*~ (stealth).
 15519 | Lair:5   | Identified the +10 crystal plate armour of Anicotz {Rampage
                  | rElec} (Okawaru gifted it to you on level 5 of the Lair of
                  | Beasts)
 15519 | Lair:5   | Received a gift from Okawaru
 15527 | Lair:5   | Reached skill level 12 in Axes
 15625 | Lair:5   | 15625 ||| Stepping ~*~*~tactically~*~*~ (stealth).
 15627 | Lair:5   | 15627 ||| INVOKING Heroism.
 15628 | Lair:5   | 15628 ||| INVOKING Finesse.
 15629 | Lair:5   | 15629 ||| SWAPPING to +4 morningstar.
 15639 | Lair:5   | 15639 ||| SWAPPING to +10 broad axe of the Purse {holy,
                  | rPois}.
 15641 | Lair:5   | 15641 ||| Stepping ~*~*~tactically~*~*~ (stealth).
 15720 | Lair:5   | 15720 ||| INVOKING Heroism.
 15723 | Lair:5   | 15723 ||| Stepping ~*~*~tactically~*~*~ (hiding).
 15806 | Lair:5   | 15806 ||| INVOKING Heroism.
 16009 | Lair:5   | 16009 ||| Stepping ~*~*~tactically~*~*~ (hiding).
 16010 | Lair:5   | 16010 ||| Stepping ~*~*~tactically~*~*~ (hiding).
 16027 | Lair:5   | 16027 ||| Stepping ~*~*~tactically~*~*~ (stealth).
 16170 | Lair:5   | 16170 ||| Stepping ~*~*~tactically~*~*~ (stealth).
 16171 | Lair:5   | 16171 ||| INVOKING Heroism.
 16189 | Lair:5   | Reached skill level 9 in Armour
 16325 | Lair:5   | 16325 ||| INVOKING Heroism.
 16350 | Lair:5   | 16350 ||| Stepping ~*~*~tactically~*~*~ (hiding).
 16392 | Lair:5   | 16392 ||| Stepping ~*~*~tactically~*~*~ (stealth).
 16393 | Lair:5   | 16393 ||| INVOKING Heroism.
 16435 | Lair:5   | Gained mutation: Your large and strong wings let you fly.
                  | [Gargoyle growth]
 16435 | Lair:5   | Reached XP level 14. HP: 88/88 MP: 21/21
 16486 | Lair:5   | 16486 ||| FLEEEEING.
 16487 | Lair:5   | 16487 ||| FLEEEEING.
 16488 | Lair:5   | 16488 ||| FLEEEEING.
 16535 | Lair:5   | Identified the +5 scale mail "Ytyucora" {rF+}
 16637 | Lair:5   | 16637 ||| Stepping ~*~*~tactically~*~*~ (stealth).
 16661 | Lair:5   | 16661 ||| INVOKING Heroism.
 16674 | Lair:5   | Received a gift from Okawaru
 16761 | Lair:5   | 16761 ||| DROPPING +3 broad axe of electrocution.
 16777 | Lair:5   | Found a corrupted altar of Lugonu.
 16777 | Lair:5   | Found a one-way gate to the infinite horrors of the Abyss.
 16922 | Lair:5   | 16922 ||| PLANNING D:1-11
 16922 | Lair:5   | 16922 ||| UPGRADING to +10 crystal plate armour of Anicotz
                  | {Rampage rElec}.
 16932 | Lair:5   | 16932 ||| DROPPING +0 plate armour.
 16933 | Lair:5   | 16933 ||| DROPPING +1 pair of boots of rampaging.
 16934 | Lair:5   | 16934 ||| DROPPING amulet of guardian spirit.
 16935 | Lair:5   | 16935 ||| UPGRADING to ring of resist corrosion.
 16936 | Lair:5   | 16936 ||| READING scroll labelled SUSUTU QO QOAL.
 16937 | Lair:5   | 16937 ||| READING 6 scrolls of identify.
 16937 | Lair:5   | 16937 ||| IDENTIFYING grey potion
 16938 | Lair:5   | 16938 ||| DROPPING potion of flight.
 17000 | Lair:5   | 17000 ||| STAIRDANCE
 17113 | D:11     | 17113 ||| PLANNING BAZAAR
 17128 | D:11     | 17128 ||| INVOKING Heroism.
 17142 | D:11     | Found a flickering gateway to a bazaar.
 17151 | Bazaar   | Entered a bazaar
 17185 | Bazaar   | Found Godwodipri's Book Emporium.
 17201 | Bazaar   | Found Jusimn's General Store.
 17201 | Bazaar   | Found Hosoyha's Antique Weapon Shoppe.
 17212 | Bazaar   | 17212 ||| BUYING potion of might (36 gold).
 17212 | Bazaar   | Bought a potion of might for 36 gold pieces
 17212 | Bazaar   | 17212 ||| BUYING scroll of enchant weapon (67 gold).
 17212 | Bazaar   | Bought a scroll of enchant weapon for 67 gold pieces
 17212 | Bazaar   | 17212 ||| BUYING scroll of identify (18 gold).
 17212 | Bazaar   | Bought a scroll of identify for 18 gold pieces
 17223 | Bazaar   | Found Foab's Antique Armour Emporium.
 17223 | Bazaar   | Found Posyceno's Antique Weapon Shoppe.
 17234 | Bazaar   | 17234 ||| BUYING pair of embroidered gloves (142 gold).
 17234 | Bazaar   | Bought a pair of embroidered gloves for 142 gold pieces
 17250 | Bazaar   | 17250 ||| UPGRADING to +2 pair of gloves.
 17258 | D:11     | 17258 ||| PLANNING GAUNTLET
 17463 | D:11     | Noticed Sonja
 17464 | D:11     | 17464 ||| INVOKING Finesse.
 17472 | D:11     | Killed Sonja
 17510 | D:11     | 17510 ||| Stepping ~*~*~tactically~*~*~ (stealth).
 17524 | D:11     | 17524 ||| RIP GAUNTLET
 17525 | D:11     | 17525 ||| PLANNING D:1-11
 17657 | D:11     | 17657 ||| Stepping ~*~*~tactically~*~*~ (stealth).
 17663 | D:11     | 17663 ||| Stepping ~*~*~tactically~*~*~ (stealth).
 17904 | D:11     | 17904 ||| PLANNING D
 17904 | D:11     | 17904 ||| READING 7 scrolls of identify.
 17904 | D:11     | 17904 ||| IDENTIFYING bubbling amethyst potion
 17905 | D:11     | 17905 ||| DROPPING potion of berserk rage.
 18276 | D:12     | 18276 ||| INVOKING Heroism.
 18277 | D:12     | 18277 ||| INVOKING Finesse.
 18279 | D:12     | 18279 ||| SWAPPING to +4 morningstar.
 18288 | D:12     | 18288 ||| SWAPPING to +10 broad axe of the Purse {holy,
                  | rPois}.
 18330 | D:12     | 18330 ||| Stepping ~*~*~tactically~*~*~ (stealth).
 18374 | D:12     | 18374 ||| INVOKING Heroism.
 18375 | D:12     | 18375 ||| SWAPPING to +4 morningstar.
 18382 | D:12     | 18382 ||| SWAPPING to +10 broad axe of the Purse {holy,
                  | rPois}.
 18542 | D:12     | 18542 ||| Stepping ~*~*~tactically~*~*~ (stealth).
 18545 | D:12     | 18545 ||| Stepping ~*~*~tactically~*~*~ (stealth).
 18552 | D:12     | 18552 ||| INVOKING Heroism.
 18966 | D:12     | 18966 ||| UPGRADING to ring of protection from cold.
 19004 | D:13     | 19004 ||| INVOKING Heroism.
 19005 | D:13     | 19005 ||| STAIRDANCE
 19018 | D:13     | 19018 ||| STAIRDANCE
 19060 | D:13     | Reached skill level 15 in Shields
 19131 | D:13     | 19131 ||| READING scroll of enchant armour.
 19131 | D:13     | 19131 ||| ENCHANTING +1 helmet of intelligence.
 19190 | D:13     | Noticed Josephine
 19191 | D:13     | 19191 ||| Stepping ~*~*~tactically~*~*~ (stealth).
 19192 | D:13     | 19192 ||| Stepping ~*~*~tactically~*~*~ (stealth).
 19196 | D:13     | Killed Josephine
 19196 | D:13     | Received a gift from Okawaru
 19263 | D:13     | 19263 ||| INVOKING Heroism.
 19438 | D:13     | Reached skill level 12 in Armour
 19524 | D:13     | 19524 ||| FLEEEEING.
 19525 | D:13     | 19525 ||| FLEEEEING.
 19526 | D:13     | 19526 ||| FLEEEEING.
 19527 | D:13     | 19527 ||| FLEEEEING.
 19528 | D:13     | 19528 ||| FLEEEEING.
 19529 | D:13     | 19529 ||| FLEEEEING.
 19530 | D:13     | 19530 ||| FLEEEEING.
 19531 | D:13     | 19531 ||| FLEEEEING.
 19545 | D:13     | 19545 ||| FLEEEEING.
 19552 | D:13     | 19552 ||| STAIRDANCE
 19601 | D:12     | 19601 ||| READING 9 scrolls of identify.
 19601 | D:12     | 19601 ||| IDENTIFYING lumpy white potion
 19822 | D:14     | 19822 ||| INVOKING Heroism.
 19856 | D:14     | Reached XP level 15. HP: 63/92 MP: 22/22
 19893 | D:14     | Reached ****** piety under Okawaru
 19893 | D:14     | Identified the +3 crystal plate armour "Hirhoxet" {Dex+4}
                  | (Okawaru gifted it to you on level 14 of the Dungeon)
 19893 | D:14     | Received a gift from Okawaru
 19982 | D:14     | 19982 ||| INVOKING Heroism.
 19983 | D:14     | 19983 ||| INVOKING Finesse.
 19985 | D:14     | 19985 ||| SWAPPING to +4 morningstar.
 19994 | D:14     | 19994 ||| SWAPPING to +10 broad axe of the Purse {holy,
                  | rPois}.
 20085 | D:14     | Noticed Frances
 20086 | D:14     | 20086 ||| Stepping ~*~*~tactically~*~*~ (hiding).
 20088 | D:14     | 20088 ||| Stepping ~*~*~tactically~*~*~ (hiding).
 20089 | D:14     | 20089 ||| Stepping ~*~*~tactically~*~*~ (hiding).
 20092 | D:14     | 20092 ||| INVOKING Heroism.
 20093 | D:14     | 20093 ||| INVOKING Finesse.
 20109 | D:14     | Killed Frances
 20177 | D:14     | Found a frozen archway.
 20178 | D:14     | 20178 ||| INVOKING Heroism.
 20179 | D:14     | 20179 ||| INVOKING Finesse.
 20303 | D:14     | Noticed Louise
 20304 | D:14     | 20304 ||| INVOKING Heroism.
 20305 | D:14     | 20305 ||| INVOKING Finesse.
 20306 | D:14     | 20306 ||| INVOKING Finesse.
 20330 | D:14     | 20330 ||| INVOKING Finesse.
 20343 | D:14     | Killed Louise
 20413 | D:14     | 20413 ||| DROPPING +4 morningstar.
 20434 | D:14     | Found Doaneh's Antique Weapon Emporium.
 20547 | D:14     | 20547 ||| INVOKING Heroism.
 20626 | D:14     | Paralysed by an ogre mage for 3 turns
 20629 | D:14     | 20629 ||| Stepping ~*~*~tactically~*~*~ (hiding).
 20638 | D:14     | 20638 ||| INVOKING Heroism.
 20761 | D:14     | Found a gate to the Vaults.
 20794 | D:14     | 20794 ||| Stepping ~*~*~tactically~*~*~ (hiding).
 20795 | D:14     | 20795 ||| Stepping ~*~*~tactically~*~*~ (hiding).
 20951 | D:14     | 20951 ||| INVOKING Heroism.
 21048 | D:15     | Entered Level 15 of the Dungeon
 21061 | D:15     | 21061 ||| INVOKING Heroism.
 21172 | D:15     | 21172 ||| Stepping ~*~*~tactically~*~*~ (hiding).
 21180 | D:15     | 21180 ||| INVOKING Heroism.
 21206 | D:15     | 21206 ||| FLEEEEING.
 21207 | D:15     | 21207 ||| FLEEEEING.
 21208 | D:15     | 21208 ||| STAIRDANCE
 21308 | D:15     | 21308 ||| Stepping ~*~*~tactically~*~*~ (stealth).
 21309 | D:15     | 21309 ||| Stepping ~*~*~tactically~*~*~ (stealth).
 21313 | D:15     | 21313 ||| INVOKING Heroism.
 21336 | D:15     | 21336 ||| Stepping ~*~*~tactically~*~*~ (hiding).
 21344 | D:15     | 21344 ||| DRINKING 12 potions of curing.
 21344 | D:15     | 21344 ||| (to cure confusion)
 21345 | D:15     | 21345 ||| Stepping ~*~*~tactically~*~*~ (hiding).
 21347 | D:15     | 21347 ||| Stepping ~*~*~tactically~*~*~ (stealth).
 21348 | D:15     | 21348 ||| Stepping ~*~*~tactically~*~*~ (stealth).
 21352 | D:15     | 21352 ||| INVOKING Heroism.
 21356 | D:15     | 21356 ||| DRINKING 11 potions of curing.
 21356 | D:15     | 21356 ||| (to cure confusion)
 21456 | D:15     | Found a staircase to the Depths.
 21579 | D:15     | 21579 ||| INVOKING Heroism.
 21592 | D:15     | 21592 ||| Stepping ~*~*~tactically~*~*~ (hiding).
 21597 | D:15     | 21597 ||| Stepping ~*~*~tactically~*~*~ (hiding).
 21598 | D:15     | 21598 ||| Stepping ~*~*~tactically~*~*~ (hiding).
 21610 | D:15     | Received a gift from Okawaru
 21714 | D:15     | 21714 ||| Stepping ~*~*~tactically~*~*~ (stealth).
 21914 | D:15     | Found Naluesm's Magic Scroll Emporium.
 21922 | D:15     | 21922 ||| BUYING scroll of identify (30 gold).
 21922 | D:15     | Bought a scroll of identify for 30 gold pieces
 21922 | D:15     | 21922 ||| BUYING scroll of teleportation (45 gold).
 21922 | D:15     | Bought a scroll of teleportation for 45 gold pieces
 21922 | D:15     | 21922 ||| BUYING scroll of teleportation (45 gold).
 21922 | D:15     | Bought a scroll of teleportation for 45 gold pieces
 21922 | D:15     | 21922 ||| BUYING scroll of teleportation (45 gold).
 21922 | D:15     | Bought a scroll of teleportation for 45 gold pieces
 21923 | D:15     | 21923 ||| Stepping ~*~*~tactically~*~*~ (hiding).
 21927 | D:15     | 21927 ||| INVOKING Heroism.
 21942 | D:15     | Reached skill level 15 in Axes
 22286 | D:15     | 22286 ||| PLANNING ORC
 22286 | D:15     | 22286 ||| READING 10 scrolls of identify.
 22286 | D:15     | 22286 ||| IDENTIFYING fuming sapphire potion
 22467 | Orc:1    | Entered Level 1 of the Orcish Mines
 22468 | Orc:1    | 22468 ||| INVOKING Heroism.
 22492 | Orc:1    | Noticed an orc warlord
 22493 | Orc:1    | 22493 ||| INVOKING Finesse.
 22510 | Orc:1    | Killed an orc warlord
 22510 | Orc:1    | Identified the +0 pair of boots of Goumumaeck {Rampage
                  | rElec rF+} (Okawaru gifted it to you on level 1 of the
                  | Orcish Mines)
 22510 | Orc:1    | Received a gift from Okawaru
 22511 | Orc:1    | Reached XP level 16. HP: 71/100 MP: 18/23
 22511 | Orc:1    | 22511 ||| Stepping ~*~*~tactically~*~*~ (hiding).
 22661 | Orc:1    | 22661 ||| INVOKING Heroism.
 22992 | Orc:1    | 22992 ||| UPGRADING to +0 pair of boots of Goumumaeck
                  | {Rampage rElec rF+}.
 23017 | Orc:2    | Entered Level 2 of the Orcish Mines
 23018 | Orc:2    | 23018 ||| STAIRDANCE
 23024 | Orc:2    | 23024 ||| STAIRDANCE
 23032 | Orc:2    | 23032 ||| STAIRDANCE
 23051 | Orc:2    | Found a runed translucent gate.
 23051 | Orc:2    | Found a runed translucent gate.
 23051 | Orc:2    | Found a runed translucent gate.
 23057 | Orc:2    | Noticed Rupert
 23058 | Orc:2    | 23058 ||| INVOKING Heroism.
 23059 | Orc:2    | 23059 ||| INVOKING Finesse.
 23079 | Orc:2    | Killed Rupert
 23167 | Orc:2    | Found an opulent altar of Gozag.
 23168 | Orc:2    | Noticed qw's ghost (adept MiBe)
 23193 | Orc:2    | 23193 ||| Stepping ~*~*~tactically~*~*~ (hiding).
 23309 | Orc:2    | 23309 ||| Stepping ~*~*~tactically~*~*~ (stealth).
 23310 | Orc:2    | 23310 ||| Stepping ~*~*~tactically~*~*~ (stealth).
 23321 | Orc:2    | Found a staircase to the Elven Halls.
 23370 | Orc:2    | Found Aheuf's Assorted Antiques.
 23380 | Orc:2    | 23380 ||| Stepping ~*~*~tactically~*~*~ (hiding).
 23382 | Orc:2    | 23382 ||| Stepping ~*~*~tactically~*~*~ (hiding).
 23384 | Orc:2    | 23384 ||| Stepping ~*~*~tactically~*~*~ (hiding).
 23393 | Orc:2    | 23393 ||| Stepping ~*~*~tactically~*~*~ (stealth).
 23394 | Orc:2    | 23394 ||| Stepping ~*~*~tactically~*~*~ (stealth).
 23400 | Orc:2    | 23400 ||| Stepping ~*~*~tactically~*~*~ (stealth).
 23490 | Orc:2    | 23490 ||| Stepping ~*~*~tactically~*~*~ (stealth).
 23506 | Orc:2    | 23506 ||| Stepping ~*~*~tactically~*~*~ (stealth).
 23510 | Orc:2    | 23510 ||| INVOKING Heroism.
 23550 | Orc:2    | 23550 ||| Stepping ~*~*~tactically~*~*~ (stealth).
 23553 | Orc:2    | Reached skill level 12 in Fighting
 23565 | Orc:2    | 23565 ||| FLEEEEING.
 23566 | Orc:2    | 23566 ||| FLEEEEING.
 23567 | Orc:2    | 23567 ||| FLEEEEING.
 23569 | Orc:2    | 23569 ||| FLEEEEING.
 23572 | Orc:2    | 23572 ||| FLEEEEING.
 23573 | Orc:2    | 23573 ||| STAIRDANCE
 23658 | Orc:2    | 23658 ||| INVOKING Heroism.
 23660 | Orc:2    | Found Qoatz's Assorted Antiques.
 23729 | Orc:2    | 23729 ||| INVOKING Heroism.
 23730 | Orc:2    | Found Vaboghyro's Weapon Shop.
 23732 | Orc:2    | Paralysed by an ogre mage for 5 turns
 23913 | Orc:2    | Found Qacsar's Distillery.
 23915 | Orc:2    | 23915 ||| BUYING potion of cancellation (272 gold).
 23915 | Orc:2    | Bought a potion of cancellation for 272 gold pieces
 23915 | Orc:2    | 23915 ||| BUYING potion of heal wounds (170 gold).
 23915 | Orc:2    | Bought a potion of heal wounds for 170 gold pieces
 23915 | Orc:2    | 23915 ||| BUYING potion of might (136 gold).
 23915 | Orc:2    | Bought a potion of might for 136 gold pieces
 23915 | Orc:2    | 23915 ||| BUYING scroll of blinking (255 gold).
 23915 | Orc:2    | Bought a scroll of blinking for 255 gold pieces
 23922 | Orc:2    | Found Vulukiut's Antique Armour Boutique.
 23926 | Orc:2    | 23926 ||| BUYING 2 potions of attraction (72 gold).
 23926 | Orc:2    | Bought 2 potions of attraction for 72 gold pieces
 23926 | Orc:2    | 23926 ||| BUYING potion of cancellation (96 gold).
 23926 | Orc:2    | Bought a potion of cancellation for 96 gold pieces
 23926 | Orc:2    | 23926 ||| BUYING potion of cancellation (96 gold).
 23926 | Orc:2    | Bought a potion of cancellation for 96 gold pieces
 23926 | Orc:2    | 23926 ||| BUYING potion of curing (36 gold).
 23926 | Orc:2    | Bought a potion of curing for 36 gold pieces
 23926 | Orc:2    | 23926 ||| BUYING potion of curing (36 gold).
 23926 | Orc:2    | Bought a potion of curing for 36 gold pieces
 23926 | Orc:2    | 23926 ||| BUYING potion of lignification (36 gold).
 23926 | Orc:2    | Bought a potion of lignification for 36 gold pieces
 23926 | Orc:2    | 23926 ||| BUYING potion of magic (96 gold).
 23926 | Orc:2    | Bought a potion of magic for 96 gold pieces
 23931 | Orc:2    | 23931 ||| BUYING runed helmet (262 gold).
 23931 | Orc:2    | Bought a runed helmet for 262 gold pieces
 24043 | Orc:2    | 24043 ||| PLANNING SPIDER:1-3
 24043 | Orc:2    | 24043 ||| DROPPING +2 helmet.
 24194 | Spider:1 | Entered Level 1 of the Spider Nest
 24241 | Spider:1 | 24241 ||| INVOKING Heroism.
 24283 | Spider:1 | 24283 ||| Stepping ~*~*~tactically~*~*~ (hiding).
 24309 | Spider:1 | 24309 ||| Stepping ~*~*~tactically~*~*~ (stealth).
 24317 | Spider:1 | 24317 ||| INVOKING Heroism.
 24327 | Spider:1 | Received a gift from Okawaru
 24473 | Spider:1 | Identified the +5 scale mail of Amorality {rElec Dex+4}
 24481 | Spider:1 | 24481 ||| INVOKING Heroism.
 24548 | Spider:1 | 24548 ||| Stepping ~*~*~tactically~*~*~ (stealth).
 24549 | Spider:1 | 24549 ||| Stepping ~*~*~tactically~*~*~ (stealth).
 24550 | Spider:1 | 24550 ||| Stepping ~*~*~tactically~*~*~ (stealth).
 24551 | Spider:1 | 24551 ||| INVOKING Heroism.
 24632 | Spider:1 | 24632 ||| INVOKING Heroism.
 24779 | Spider:1 | 24779 ||| INVOKING Heroism.
 24823 | Spider:1 | HP: 14/101 [emperor scorpion (27)]
 24824 | Spider:1 | 24824 ||| READING 6 scrolls of teleportation.
 24824 | Spider:1 | Mangled by an emperor scorpion

Levels and vault maps discovered:
D:1:      ldierk_walled_garden_2, layout_loops_cross, serial_shops,
          nicolae_lakefront_shop, grunt_decor_fettered, grunt_decor_one_mirror,
          corexii_item_surrounded_by_moat
D:2:      layout_rooms, dilly_ecumenical_altar_fadedgnrine,
          grunt_decor_junction, minmay_misc_feat_rugged, uniq_natasha
D:3:      layout_basic, kennysheep_decorative_pillar
D:4:      minmay_goblin_kobold_castle, layout_basic, fedhas_ov_isle_minmay
D:5:      layout_basic, minmay_puff
D:6:      layout_basic, minmay_temple_entry_mist
D:7:      layout_loops_ring, serial_co_window_serial, co_window_corner_a,
          co_window_corner_a, co_window_of_opportunity_a, co_window_paths_b,
          co_window_paths_b, co_window_broadway_a, co_window_broadway_b,
          co_window_cross_3, co_window_2corner, co_window_corner_ca,
          co_window_unsneaky_path_c, co_window_paths_d, glass_columns_a,
          glass_columns_a, glass_columns_a, glass_columns_b, glass_columns_a,
          minmay_misc_feat_rows, minmay_manual_moon, uniq_crazy_yiuf_cottage
D:8:      layout_basic, serial_shops, nicolae_shop_advertising_works
          [nicolae_subvault_shop_adworks], minmay_shop_chei, minmay_mini_ossuary
D:9:      layout_stronghold, elyvilon_altar_3, lemuel_doored_altar,
          kennysheep_orc_monster_closet_entryway, enter_bailey_2,
          chequers_garden, hangedman_misty_isle
D:10:     layout_grid_maze, kennysheep_mini_moat, lair_entry_dummy,
          kennysheep_generic_room_13, uniq_urug, uniq_maurice, uniq_grum
D:11:     layout_loops_cross, serial_shops, bzr_entry_lakeside,
          gauntlet_entry_generic, minmay_misc_feat_cross, uniq_sonja
D:12:     layout_basic
D:13:     layout_rooms, minmay_variable_closet, uniq_josephine
D:14:     layout_gridville, grunt_vaults_entry_fortified, minmay_misc_feat_chi,
          serial_shops, nicolae_shop_overgrown_old_shop,
          portal_ice_cave_entry_ice_statue_one, uniq_louise, uniq_frances
D:15:     gammafunk_enter_depths_forms, layout_basic, chequers_decorated_corner,
          serial_shops, shop
Temple:   mainiacjoe_temple_bowtie_tessellation
Lair:1:   layout_chaotic_city, serial_bayou_shore_a, grunt_megastairs_5,
          lemuel_fruit_tree
Lair:2:   minmay_lair_oklob_chamber, layout_chaotic_city,
          grunt_forest_large_clearing_hut
Lair:3:   layout_gridlike, minmay_shoals_entry_hut,
          spider_nest_entry_funnel_web, lemuel_another_geyser
Lair:4:   layout_regular_city, slime_entry_1, st_stairs_3
Lair:5:   hellmonk_lair_end_abyssal_woods, layout_gridlike, lemuel_fruit_fields
Spider:1: nicolae_spider_hall_of_the_moth_king
Orc:1:    layout_caves
Orc:2:    st_orc_open, layout_diamond_mine, special_room, ebering_ghost_gozag,
          uniq_rupert

Skill      XL: |  1  2  3  4  5  6  7  8  9 10 11 12 13 14 15 16 |
---------------+-------------------------------------------------+-----
Axes           | 2 3 4 5 6 7 9 10 11 12 13 15 16 | 16.0
Fighting       | 4 6 7 8 10 11 12 | 12.0
Dodging        | 1 2 |  2.3
Shields        | 6 9 10 11 12 13 14 15 16 | 16.7
Invocations    | 4 8 10 | 10.0
Armour         | 4 6 7 9 12 13 14 | 14.1
Throwing       | 2 3 |  3.0

Action                   |  1- 3 |  4- 6 |  7- 9 | 10-12 | 13-15 | 16-18 || total
-------------------------+-------+-------+-------+-------+-------+-------++-------
Melee: War axe           |    64 |   133 |   166 |   259 |       |       ||   622
       Morningstar       |       |       |       |    13 |    33 |       ||    46
       Broad axe         |       |       |       |    64 |   843 |   307 ||  1214
Throw: Boomerang         |       |    43 |    18 |    30 |   114 |    55 ||   260
       Javelin           |       |       |       |    52 |    29 |       ||    81
Invok: Heroism           |       |       |     6 |    31 |    33 |    11 ||    81
       Finesse           |       |       |       |     4 |    10 |     1 ||    15
  Use: Scroll            |     7 |     4 |    11 |     8 |     8 |     1 ||    39
       Potion            |       |     2 |     2 |     3 |     2 |       ||     9
 Stab: Distracted        |       |       |     1 |     2 |       |       ||     3
Armor: Scale mail        |    38 |    56 |    51 |       |       |       ||   145
       Chain mail        |       |       |     6 |     6 |       |       ||    12
       Plate armour      |       |       |       |   146 |   130 |       ||   276
       Crystal plate arm |       |       |       |       |   363 |   208 ||   571
Dodge: Dodged            |    44 |    55 |    27 |    54 |   131 |    71 ||   382
       Repelled          |       |       |       |       |     2 |     1 ||     3
Block: Buckler           |    14 |    25 |       |       |       |       ||    39
       Tower shield      |       |       |    95 |   232 |   701 |   307 ||  1335

Table legend:
 A = Non-vault XP
 B = Vault XP
 C = Vault XP percentage of total XP
 D = Non-vault monster count
 E = Vault monster count
 F = Vault count percentage of total count
                 A         B        C        D         E       F
            +---------+---------+-------+---------+---------+-------
      Total |  106041 |   61818 |  36.8 |     496 |     227 |  31.4
            +---------+---------+-------+---------+---------+-------
        D:1 |      43 |       0 |   0.0 |      24 |       0 |   0.0
        D:2 |      48 |      35 |  42.2 |      10 |       1 |   9.1
        D:3 |      81 |       0 |   0.0 |      22 |       0 |   0.0
        D:4 |     275 |     231 |  45.7 |      12 |      56 |  82.4
        D:5 |     751 |     186 |  19.9 |      21 |       3 |  12.5
        D:6 |     723 |       0 |   0.0 |      16 |       0 |   0.0
        D:7 |     523 |    1005 |  65.8 |      15 |       6 |  28.6
        D:8 |     939 |      22 |   2.3 |      22 |       5 |  18.5
        D:9 |    1661 |    2969 |  64.1 |      18 |      26 |  59.1
       D:10 |    2534 |    1990 |  44.0 |      18 |       7 |  28.0
       D:11 |    2919 |     782 |  21.1 |      11 |       1 |   8.3
       D:12 |    6465 |       0 |   0.0 |      23 |       0 |   0.0
       D:13 |    6425 |    1923 |  23.0 |      15 |       6 |  28.6
       D:14 |   13773 |    9594 |  41.1 |      31 |      13 |  29.5
       D:15 |   14458 |    5623 |  28.0 |      30 |      10 |  25.0
     Lair:1 |    2570 |     372 |  12.6 |      16 |       1 |   5.9
     Lair:2 |   10441 |    1237 |  10.6 |      33 |       3 |   8.3
     Lair:3 |    1869 |     930 |  33.2 |       5 |       4 |  44.4
     Lair:4 |    3762 |    1088 |  22.4 |      10 |       2 |  16.7
     Lair:5 |   14907 |   11821 |  44.2 |      47 |      36 |  43.4
   Spider:1 |   11719 |    5291 |  31.1 |      34 |       9 |  20.9
      Orc:1 |    6573 |       0 |   0.0 |      43 |       0 |   0.0
      Orc:2 |    2582 |   16719 |  86.6 |      20 |      38 |  65.5
            +---------+---------+-------+---------+---------+-------
